AoeStats
← putzfetzen

Arena

509711823Analyzed
2v2 RM · 4d ago on Sep 27, 2026· 56m 28s· 4 players
Game mode
Random Map
Map size
Medium (4 player)
Population
200
Speed
Normal
Resources
Standard
Victory
Conquest
Starting age
Dark Age
Ending age
Imperial Age
RankedLock teamsTeams togetherTeam positionsShared explorationLock speedFull tech treeHidden civsTurbo modeCheats
Victory
Defeat
🇦🇹 Malians · Austria
1195
+17
🇦🇹 Franks · Austria
1167
+18
🇵🇪 Italians · Peru
1228
-18
🇦🇷 Bengalis · Argentina
1210
-17
ArbeitsamtHATgeldGEWIESEN
10:06 Feudal Age
11:56 Loom
16:30 Castle Age
27:56 Fletching
33:38 Bodkin Arrow
38:35 Imperial Age
36:08 Double-Bit Axe
38:09 Ballistics
41:11 Forging
42:34 Iron Casting
42:22 Scale Barding Armor
41:41 Cavalier
42:22 Husbandry
51:41 Ordonnance Companies
putzfetzen
10:55 Feudal Age
10:33 Loom
16:47 Castle Age
15:12 Double-Bit Axe
29:15 Scale Mail Armor
41:29 Imperial Age
40:04 Forging
41:14 Devotion
43:11 Wheelbarrow
43:05 Horse Collar
45:28 Scale Barding Armor
45:59 Iron Casting
46:52 Bloodlines
47:11 Light Cavalry
50:10 Town Watch
50:38 Heavy Plow
51:12 Capped Ram
55:12 Chain Barding Armor
56:22 Gold Mining
Fnatic:TypeR
5:21 Loom
9:43 Feudal Age
13:57 Castle Age
12:31 Stone Mining
27:32 Fervor
29:34 Redemption
32:08 Atonement
35:50 Imperial Age
34:15 Herbal Medicine
34:53 Fletching
37:12 Bodkin Arrow
37:50 Block Printing
38:16 Sanctity
39:51 Illumination
42:32 Theocracy
45:03 Light Cavalry
46:00 Bloodlines
45:50 Husbandry
46:05 Forging
46:00 Scale Barding Armor
51:43 Iron Casting
51:29 Chain Barding Armor
56:27 Conscription
55:39 Pikeman
56:24 Scale Mail Armor
Robert18
2:14 Loom
10:30 Feudal Age
11:50 Fletching
45:42 Castle Age
49:33 Castle Age
50:34 Bodkin Arrow
52:10 Ballistics
Connection lost

Rejoining the realm…

Still unreachable

The connection could not be restored.

Session expired

The server has moved on; the page needs a fresh start.